 Dungeon Crawl Stone Soup version 0.30-a0-1112-gfb780f5df6 (webtiles) character file.

Game seed: 17525845254300492210

6246 themarg the Summoner (level 10, -5/74 HPs)
             Began as a Merfolk Summoner on Apr 19, 2023.
             Was a Priest of Sif Muna.
             Slain by a two-headed ogre
             ... wielding a +0 giant club
              (22 damage)
             ... on level 10 of the Dungeon.
             The game lasted 00:37:39 (10637 turns).

themarg the Summoner (Merfolk Summoner)            Turns: 10637, Time: 00:37:39

Health: -5/74      AC:  9    Str:  9    XL:     10   Next: 93%
Magic:  4/17       EV: 15    Int: 21    God:    Sif Muna [***...]
Gold:   105        SH:  0    Dex: 21    Spells: 5/19 levels left

rFire   + . .      SeeInvis +    b - +2 trident
rCold   + . .      Faith    +    (no shield)
rNeg    . . .      Spirit   .    d - +1 robe of Bovvu {SInv}
rPois   .          Reflect  .    N - +2 helmet
rElec   .          Rampage  .    (no cloak)
rCorr   .                        t - +2 pair of gloves
Will    +....                    (no boots)
Stlth   +++                      L - amulet of the Modern Mystics {Faith rF+ rC+ Int+3}
HPRegen 0.32/turn                i - ring of willpower
MPRegen 0.15/turn                D - +6 ring of dexterity

@: no status effects
A: (nimble swimmer 2), mertail
a: Renounce Religion, Channel Magic, Forget Spell


You were on level 10 of the Dungeon.
You worshipped Sif Muna.
Sif Muna was most pleased with you.
You visited 1 branch of the dungeon, and saw 10 of its levels.
You also visited: Sewer.

You collected 555 gold pieces.
You spent 450 gold pieces at shops.

Inventory:

Hand Weapons
 b - a +2 trident (weapon)
 K - a +1 dagger of draining
Missiles
 f - 88 stones
 o - 17 poisoned darts (quivered)
 p - 14 boomerangs
 r - 3 atropa-tipped darts
 s - 3 datura-tipped darts
 B - 10 javelins
Armour
 d - the +1 robe of Bovvu (worn) {SInv}
   (You found it on level 4 of the Dungeon)

   SInv:      It lets you see invisible.
 m - the +0 leather armour of Qyolups {Int+4 Dex+3}
   (You found it on level 2 of the Dungeon)

   Int:       It affects your intelligence (+4).
   Dex:       It affects your dexterity (+3).
 t - a +2 pair of gloves (worn)
 x - a +0 leather armour of fire resistance
 N - a +2 helmet (worn)
Jewellery
 i - a ring of willpower (left hand)
 D - a +6 ring of dexterity (right hand)
 F - a ring of see invisible
 L - the amulet of the Modern Mystics (around neck) {Faith rF+ rC+ Int+3}
   (You found it on level 8 of the Dungeon)

   [amulet of faith]

   It allows you to gain divine favour quickly.
   Int:       It affects your intelligence (+3).
   rF:        It protects you from fire.
   rC:        It protects you from cold.
 O - a ring of protection from fire
Wands
 g - a wand of charming (5)
 y - a wand of flame (8)
 M - a wand of digging (9)
Scrolls
 a - a scroll of vulnerability
 e - a scroll of blinking {unknown}
 h - 2 scrolls of fog
 k - 7 scrolls of teleportation
 n - a scroll of magic mapping {unknown}
 q - 3 scrolls of enchant weapon
 A - 3 scrolls of brand weapon
 C - a scroll of amnesia {unknown}
 E - a scroll of immolation {unknown}
 G - 3 scrolls of fear
 H - 3 scrolls of poison
 J - a scroll of silence {unknown}
 P - 2 scrolls of enchant armour
Potions
 c - 3 potions of resistance
 j - 3 potions of lignification
 l - 2 potions of brilliance
 u - a potion of mutation {unknown}
 v - 3 potions of attraction
 w - a potion of curing
 z - a potion of flight {unknown}
 I - a potion of ambrosia {unknown}


   Skills:
 - Level 5.0 Fighting
 - Level 8.0 Polearms
 - Level 5.0 Dodging
 - Level 3.0 Stealth
 - Level 5.0 Spellcasting
 - Level 10.0 Summonings
 - Level 5.0 Ice Magic
 + Level 4.8 Air Magic
 - Level 5.0 Invocations


You had 5 spell levels left.
You knew the following spells:

 Your Spells              Type           Power      Damage    Failure   Level
a - Summon Small Mammal   Summ           100%       N/A       1%          1
b - Call Imp              Summ           94%        N/A       1%          2
c - Call Canine Familiar  Summ           47%        N/A       1%          3
d - Summon Lightning Spi  Summ/Air       36%        N/A       5%          4
e - Summon Ice Beast      Ice/Summ       36%        N/A       4%          4

Your spell library contained the following spells:

 Spells                   Type           Power      Damage    Failure   Level
 Frozen Ramparts          Ice            52%        1d8       4%          3
 Summon Guardian Golem    Hex/Summ       26%        N/A       4%          3
 Static Discharge         Conj/Air       30%        2-4/arc   6%          2
 Cigotuvi's Dreadful Rot  Necr/Pois/Air  22%        N/A       9%          2
 Airstrike                Air            12%        2d(2-18)  16%         4
 Dazzling Flash           Conj/Hex       10%        N/A       32%         3
 Portal Projectile        Hex/Tloc       10%        N/A       32%         3
 Tukima's Dance           Hex            5%         N/A       32%         3
 Volatile Blastmotes      Fire/Tloc      10%        2d10      32%         3
 Ice Form                 Ice/Tmut       15%        N/A       36%         4
 Iskenderun's Mystic Bla  Conj/Tloc      5%         2d3       71%         4
 Arcjolt                  Conj/Air       7%         1d17      75%         5
 Blade Hands              Tmut           2%         N/A       96%         5
 Starburst                Conj/Fire      2%         6d3       100%        6


Dungeon Overview and Level Annotations

Branches:
Dungeon (10/15)            Temple (0/1) D:4           Sewer (visited)
   Lair: D:8-11         Orc: D:9-12

Altars:
Ashenzari
Cheibriados
Elyvilon
Fedhas
Hepliaklqana
Okawaru
Qazlal
Sif Muna
Uskayaw
Yredelemnul
The Shining One

Shops:
D:4 *[   D:6 ?   D:9 *

Annotations:
D:6 1 runed translucent door, Crazy Yiuf


Innate Abilities, Weirdness & Mutations

((You are very nimble when in or above water. (Stealth+, EV+, Speed+++)))
Your lower body shifts to a powerful aquatic tail in water.


Message History

Press: ? - help, Q - select action, (/) - cycle Shift-Dir - straight line, f/p - two-headed ogre
Aim: a two-headed ogre, wielding a +0 giant club and a +0 dire flail (ally target, 77% to hit)
You throw a poisoned dart.
The poisoned dart hits the two-headed ogre.
The two-headed ogre is poisoned.
An electric hum fills the air.
Your lightning spire disappears in a puff of smoke!
The two-headed ogre misses you.
The two-headed ogre hits you with a +0 dire flail.
A chill wind blows around you.
The two-headed ogre hits you with a +0 giant club!
The two-headed ogre hits you with a +0 dire flail.
The two-headed ogre looks more healthy.
The two-headed ogre attacks as you move away!
The two-headed ogre misses you.
The two-headed ogre hits you with a +0 dire flail!!
Your ice beast hits the two-headed ogre.
Your ice beast freezes the two-headed ogre.
Your wolf bites the two-headed ogre.
Your wolf bites the two-headed ogre but does no damage.
You see here a yak skeleton.
You barely miss the two-headed ogre.
The two-headed ogre is moderately wounded.
Your wolf barely misses the two-headed ogre.
The two-headed ogre hits you with a +0 giant club!!
* * * LOW HITPOINT WARNING * * *
The two-headed ogre misses you.
Aiming: Charm
Press: ? - help, Shift-Dir - straight line, f/p - two-headed ogre
Aim: a two-headed ogre, wielding a +0 giant club and a +0 dire flail (moderately wounded, ally target, chance to affect: 31%)
The two-headed ogre easily resists.
Your wolf bites the two-headed ogre!
Your ice beast hits the two-headed ogre but does no damage.
Your wolf bites the two-headed ogre.
Aiming: Charm
Press: ? - help, Shift-Dir - straight line, f/p - two-headed ogre
Aim: a two-headed ogre, wielding a +0 giant club and a +0 dire flail (heavily wounded, ally target, chance to affect: 31%)
The two-headed ogre easily resists.
Your wolf bites the two-headed ogre.
Your ice beast hits the two-headed ogre but does no damage.
The two-headed ogre hits you with a +0 giant club!!
You die...

......(.##.###
........##...##
........##.#..#######
.......##.#..##....#
#............##.#
#....#.#.....##.#
#..#.#.#....<##.#
#.(#.#.#.....##.#
#....YO@........#
####8#h....######
....###.#####
.........รท..>#
..#..#########.# #
#.. #.# ... #.# ...
#.# #.#


You could see a two-headed ogre (ally target), a friendly ice beast (summoned),
a friendly wolf (summoned) and a friendly lightning spire (summoned).

Vanquished Creatures
  Grinder (D:4)
  2 yaks (D:10)
  Edmund (D:6)
  An acid dragon (D:10)
  2 ice beasts (D:5)
  A phantom (D:7)
  2 wights (D:9)
  A howler monkey (D:5)
  An electric eel (D:6)
  Natasha (D:4)
  3 gnolls (D:5)
  A dart slug (D:4)
  3 orcs
  A ball python (D:1)
  An endoplasm (D:1)
  4 giant cockroaches
  2 goblins
  5 hobgoblins
  2 quokkas (D:3)
  3 bats (D:1)
  A frilled lizard (D:2)
  2 kobolds (D:1)
  A rat (Sewer)
42 creatures vanquished.

Vanquished Creatures (collateral kills)
  A kobold demonologist (D:9)
  A hornet (D:9)
  Sigmund (D:6)
  5 yaks
  2 acid dragons
  A nameless horror (D:6)
  3 ice beasts
  An orc warrior (D:8)
  A sky beast (D:8)
  A centaur (D:7)
  An ogre (D:4)
  2 kobold brigands
  6 bullfrogs
  17 wights
  16 killer bees
  2 jellies (D:8)
  5 hounds
  3 orc priests
  2 sleepcaps (D:5)
  2 iguanas
  A hell rat (Sewer)
  5 orc wizards
  4 gnolls (D:5)
  8 adders
  2 river rats (Sewer)
  A white imp (D:7)
  An ufetubus (D:6)
  7 dart slugs
  15 orcs
  10 ball pythons
  5 bats
  4 endoplasms
  3 giant cockroaches
  3 goblins (D:1)
  5 hobgoblins
  2 jackals (D:3)
  6 quokkas
  13 kobolds
  6 rats
174 creatures vanquished.

Vanquished Creatures (others)
  4 toadstools (D:8)
4 creatures vanquished.

Grand Total: 220 creatures vanquished

Notes
Turn   | Place    | Note
-------+----------+-------------------------------------------
     0 | D:1      | themarg the Merfolk Summoner began the quest for the Orb.
     0 | D:1      | Reached XP level 1. HP: 13/13 MP: 3/3
   138 | D:1      | Reached XP level 2. HP: 16/19 MP: 5/5
   141 | D:1      | Learned a level 2 spell: Call Imp
   505 | D:1      | Reached XP level 3. HP: 24/24 MP: 1/6
   763 | D:1      | Learned a level 3 spell: Call Canine Familiar
  1079 | D:2      | Reached skill level 5 in Summonings
  1211 | D:2      | Identified the +0 leather armour of Qyolups {Int+4 Dex+3}
  1458 | D:2      | Reached XP level 4. HP: 30/30 MP: 2/7
  1580 | D:2      | Got the Elucidation of Anemomancy
  1883 | D:3      | Found a glowing drain.
  1929 | Sewer    | Entered a sewer
  2023 | Sewer    | Reached XP level 5. HP: 35/35 MP: 1/8
  2292 | D:3      | Reached skill level 6 in Summonings
  3167 | D:4      | Found a snail-covered altar of Cheibriados.
  3167 | D:4      | Found a hazy altar of Hepliaklqana.
  3171 | D:4      | Found a blossoming altar of Fedhas.
  3173 | D:4      | Found a hide-covered altar of Uskayaw.
  3175 | D:4      | Found a basalt altar of Yredelemnul.
  3175 | D:4      | Found a stormy altar of Qazlal.
  3176 | D:4      | Found a glowing golden altar of the Shining One.
  3178 | D:4      | Found a shimmering blue altar of Sif Muna.
  3181 | D:4      | Found a broken altar of Ashenzari.
  3189 | D:4      | Identified the +1 robe of Bovvu {SInv}
  3204 | D:4      | Became a worshipper of Sif Muna the Loreminder
  3295 | D:4      | Noticed Grinder
  3318 | D:4      | Killed Grinder
  3319 | D:4      | Reached skill level 7 in Summonings
  3319 | D:4      | Reached skill level 1 in Air Magic
  3319 | D:4      | Reached XP level 6. HP: 28/41 MP: 2/9
  3438 | D:4      | Noticed Natasha
  3452 | D:4      | Killed Natasha
  3511 | D:4      | Reached XP level 7. HP: 46/46 MP: 7/10
  3552 | D:4      | Found Yfoanygga's Mayhem Merchandise.
  3580 | D:4      | Found Heaniu's Antique Armour Emporium.
  3653 | D:4      | Found a staircase to the Ecumenical Temple.
  4286 | D:5      | Entered Level 5 of the Dungeon
  4360 | D:5      | Reached skill level 8 in Summonings
  4635 | D:4      | Learned a level 4 spell: Summon Lightning Spire
  4706 | D:5      | Reached XP level 8. HP: 52/52 MP: 2/11
  5062 | D:5      | Reached * piety under Sif Muna
  5065 | D:5      | Reached skill level 9 in Summonings
  5587 | D:6      | Found Causiem's Magic Scroll Shoppe.
  5632 | D:6      | Bought a scroll of noise for 15 gold pieces
  5632 | D:6      | Bought a scroll of teleportation for 45 gold pieces
  5632 | D:6      | Bought a scroll of identify for 30 gold pieces
  5632 | D:6      | Bought a scroll of teleportation for 45 gold pieces
  5632 | D:6      | Bought a scroll of identify for 30 gold pieces
  5632 | D:6      | Bought a scroll of teleportation for 45 gold pieces
  5757 | D:6      | Found a runed translucent door.
  5758 | D:6      | Noticed Crazy Yiuf
  5993 | D:6      | Noticed Sigmund
  5996 | D:6      | Found a white marble altar of Elyvilon.
  5997 | D:6      | Found an iron altar of Okawaru.
  6002 | D:6      | Killed Sigmund
  6003 | D:6      | Reached skill level 10 in Summonings
  6010 | D:6      | Reached skill level 1 in Ice Magic
  6111 | D:6      | Reached XP level 9. HP: 10/55 MP: 5/13
  6426 | D:6      | Noticed Edmund
  6446 | D:6      | Killed Edmund
  6604 | D:6      | Identified the +12 rapier "Adoosunt" {freeze, Fly rF++
                  | Dex-3 SInv}
  6744 | D:6      | Learned a level 4 spell: Summon Ice Beast
  7008 | D:7      | Reached skill level 1 in Fighting
  7267 | D:7      | Reached ** piety under Sif Muna
  8074 | D:8      | Reached skill level 5 in Ice Magic
  8102 | D:8      | Identified the amulet of the Modern Mystics {Faith rF+ rC+
                  | Int+3}
  8127 | D:8      | Reached skill level 5 in Dodging
  8300 | D:8      | Reached skill level 5 in Fighting
  8300 | D:8      | Reached skill level 1 in Invocations
  8303 | D:8      | Reached XP level 10. HP: 74/74 MP: 6/16
  8456 | D:8      | Reached skill level 5 in Invocations
  8465 | D:8      | Reached skill level 1 in Polearms
  8798 | D:9      | Found Zuofiolu's General Store.
  8808 | D:9      | Bought a scroll of teleportation for 45 gold pieces
  8808 | D:9      | Bought a scroll of poison for 60 gold pieces
  8808 | D:9      | Bought a potion of degeneration for 15 gold pieces
  8808 | D:9      | Bought a scroll of fog for 60 gold pieces
  8808 | D:9      | Bought a scroll of fear for 60 gold pieces
  8909 | D:9      | HP: 3/74 [poisoned by a killer bee]
  9165 | D:9      | Reached skill level 5 in Polearms
  9325 | D:9      | Paralysed by a hornet for 1 turns
 10073 | D:9      | Noticed a kobold demonologist
 10096 | D:9      | Killed a kobold demonologist
 10276 | D:10     | Entered Level 10 of the Dungeon
 10395 | D:10     | Reached *** piety under Sif Muna
 10398 | D:10     | Reached skill level 5 in Spellcasting
 10486 | D:10     | Noticed a two-headed ogre
 10637 | D:10     | Slain by a two-headed ogre

Illustrated notes

Levels and vault maps discovered:
D:1:      eino_arrival_cavern_a, layout_rooms
D:2:      layout_rooms, serial_curves, eino_curves_04, eino_curves_01
D:3:      layout_loops_ring, gup_sewer_entry_pipe
D:4:      layout_loops_ring, nicolae_overflow_hallway_of_the_gods,
          minmay_temple_entry_proselytizer, serial_shops,
          nicolae_shop_window_shopping, minmay_shop_mayhem, uniq_grinder,
          uniq_natasha
D:5:      layout_basic
D:6:      layout_gridville, nicolae_overflow_squiral, serial_shops,
          nicolae_stop_n_shop_1, uniq_sigmund, uniq_crazy_yiuf_cottage,
          uniq_edmund
D:7:      layout_loops_ring, hex_large
D:8:      layout_rooms, minmay_gold_behind_fungi
D:9:      layout_loops_cross, serial_shops, nicolae_shop_tiny_waterfront
D:10:     layout_basic, lair_entry_dummy, lightli_orcish_oven

Skill      XL: |  1  2  3  4  5  6  7  8  9 10 |
---------------+-------------------------------+-----
Stealth        | 3 |  3.0
Summonings     | 5 7 8 10 | 10.0
Air Magic      | 1 2 3 4 |  4.8
Ice Magic      | 2 5 |  5.0
Spellcasting   | 3 4 5 |  5.0
Fighting       | 5 |  5.0
Dodging        | 5 |  5.0
Invocations    | 3 5 |  5.0
Polearms       | 8 |  8.0

Action                     |  1- 3 |  4- 6 |  7- 9 | 10-12 || total
---------------------------+-------+-------+-------+-------++-------
  Melee: Hand axe          |    12 |       |       |       ||    12
         Dagger            |    50 |    30 |       |       ||    80
         Tailslap          |       |     3 |       |       ||     3
         Punch             |       |     1 |     2 |       ||     3
         Spear             |       |    38 |    82 |       ||   120
         Trident           |       |       |    52 |    73 ||   125
  Throw: Dart              |       |     1 |       |     2 ||     3
   Cast: Summon Small Mamm |    44 |    16 |     8 |       ||    68
         Call Imp          |    12 |    17 |    18 |       ||    47
         Call Canine Famil |       |    13 |    33 |    15 ||    61
         Summon Lightning  |       |       |    15 |    15 ||    30
         Summon Ice Beast  |       |       |    11 |    19 ||    30
 Invoke: Channel Magic     |       |       |       |     2 ||     2
  Evoke: Wand              |       |     3 |     4 |     2 ||     9
    Use: Scroll            |       |     6 |     7 |     4 ||    17
         Potion            |       |       |     2 |     3 ||     5
   Stab: Sleeping          |       |     2 |     1 |     1 ||     4
         Distracted        |       |       |     4 |     1 ||     5
 Armour: Robe              |    17 |    10 |    19 |    16 ||    62
  Dodge: Dodged            |    47 |    43 |    61 |    48 ||   199

Table legend: (Time is in decaauts)
 A = Elapsed time spent in this place.
 B = Non-inter-level travel time spent in this place.
 C = Inter-level travel time spent in this place.
 D = Time resting spent in this place.
 E = Time spent auto-exploring this place.
 F = Levels seen in this place.
 G = Mean time per level.
                   A        B        C        D        E       F      G
               +--------+--------+--------+--------+--------+-----+--------+
         Total |  10652 |  10286 |    366 |    809 |   7356 |  11 |  968.4 |
       Dungeon |  10487 |  10121 |    366 |    774 |   7302 |  10 | 1048.7 |
         Sewer |    165 |    165 |      0 |     35 |     54 |   1 |  165.0 |
               +--------+--------+--------+--------+--------+-----+--------+

Top non-repeatable levels by time:
     D:9: 1531 daAuts
     D:5: 1326 daAuts
     D:4: 1212 daAuts
     D:6: 1197 daAuts
     D:3: 1160 daAuts
     D:7: 1118 daAuts
     D:1: 1018 daAuts
     D:8: 782 daAuts
     D:2: 781 daAuts
    D:10: 357 daAuts
   Sewer: 165 daAuts
